 Dungeon Crawl Stone Soup version 0.18.1-48-g4cf74bf (webtiles) character file.

32949 Peloso the Peltast (level 13, -16/116 HPs)
             Began as a Minotaur Fighter on Aug 19, 2016.
             Was the Champion of Okawaru.
             Killed from afar by an ice dragon (34 damage)
             ... with a blast of cold
             ... on level 6 of the Lair of Beasts.
             The game lasted 01:07:24 (17642 turns).

Peloso the Peltast (Minotaur Fighter)              Turns: 17642, Time: 01:07:25

Health: -16/116    AC: 25    Str: 23    XL:     13   Next: 34%
Magic:  10/12      EV: 11    Int:  5    God:    Okawaru [******]
Gold:   853        SH:  8    Dex: 18    Spells: 1 memorised, 4 levels left

rFire  . . .     SeeInvis +     v - +3 falchion (flame)
rCold  . . .     Gourm    .     M - +2 plate armour {MR+}
rNeg   . . .     Faith    +     z - +0 buckler {AC+3}
rPois  .         Spirit   .     (helmet restricted)
rElec  .         Dismiss  .     X - +2 cloak {+Inv}
rCorr  .         Reflect  .     Q - +0 pair of gloves
SustAt .         Harm     .     (no boots)
MR     +....                    q - amulet of faith
Stlth  ..........               R - +5 ring of dexterity
                                o - ring of see invisible

@: very slightly contaminated, slowed, very slow, somewhat resistant to hostile
enchantments, extremely unstealthy
A: retaliatory headbutt, horns 2
a: Heroism, Finesse, Renounce Religion, Evoke Invisibility


You were on level 6 of the Lair of Beasts.
You worshipped Okawaru.
Okawaru was exalted by your worship.
You were not hungry.

You visited 3 branches of the dungeon, and saw 17 of its levels.
You also visited: Sewer and Ossuary.

You collected 877 gold pieces.
You spent 24 gold pieces at shops.

Inventory:

Hand Weapons
 v - a +3 falchion of flaming (weapon)
 T - a +3 scimitar of electrocution
Armour
 z - a +0 buckler of protection (worn)
 M - a +2 plate armour of magic resistance (worn)
 Q - a +0 pair of gloves (worn)
 X - a +2 cloak of invisibility (worn)
Jewellery
 o - a ring of see invisible (left hand)
 q - an amulet of faith (around neck)
 H - an uncursed ring of resist corrosion
 R - a +5 ring of dexterity (right hand)
Wands
 a - a wand of hasting (3/9)
 e - a wand of hasting (4/9)
 t - a wand of digging (24/24)
 x - a wand of heal wounds (1/9)
 S - a wand of disintegration (14/24)
Scrolls
 c - a scroll of identify
 j - a scroll of acquirement {unknown}
 l - 3 scrolls of recharging
 K - a scroll of enchant weapon
 O - a scroll of magic mapping
 P - 4 scrolls of enchant armour
 U - 2 scrolls of remove curse
Potions
 d - 2 potions of might
 g - 5 potions of haste
 h - 2 potions of resistance
 n - 2 potions of invisibility
 p - 4 potions of curing
 r - 2 potions of heal wounds
 D - 4 potions of agility
 G - a potion of flight {unknown}
 I - a potion of brilliance {unknown}
 J - a potion of berserk rage {unknown}
 L - a potion of cure mutation {unknown}
Books
 F - a Necronomicon

   Spells                             Type                      Level
   a - Haunt                          Necromancy/Summoning         7
   b - Borgnjor's Revivification      Necromancy                   8
   c - Death's Door                   Charms/Necromancy            8
   d - Necromutation                  Transmutation/Necromancy     8
Comestibles
 b - 2 chunks of flesh
 f - 7 bread rations
 i - 8 meat rations
 s - 3 beef jerkies
 A - 17 fruits
 N - 15 royal jellies
 Y - 11 slices of pizza


   Skills:
 + Level 11.5 Fighting
 + Level 13.2 Long Blades
 + Level 12.4 Armour
 + Level 5.9 Dodging
 + Level 1.4 Stealth
 + Level 15.7 Shields
 + Level 0.2 Invocations
 + Level 1.1 Evocations


You had 4 spell levels left.
You knew the following spells:

 Your Spells              Type           Power        Failure   Level  Hunger
a - Necromutation         Trmt/Necr      #.........   100%        8    #######


Dungeon Overview and Level Annotations

Branches:
Dungeon (10/15)            Temple (1/1) D:7            Lair (6/8) D:9
  Swamp (0/4) Lair:5          Orc (0/2) D:9
  Snake: Lair:3-6    Spider: Lair:3-6     Slime: Lair:6-8

Altars:
Ashenzari
Cheibriados
Dithmenos
Elyvilon
Fedhas
Gozag
Kikubaaqudgha
Makhleb
Nemelex Xobeh
Okawaru
Pakellas
Qazlal
Ru
Sif Muna
Trog
Vehumet
Xom
Yredelemnul
Zin
The Shining One

Shops:
D:7 *   D:9 ?!%


Innate Abilities, Weirdness & Mutations

You reflexively headbutt those who attack you in melee.
You have a pair of horns on your head.


Message History

The ice dragon claws you but does no damage.
The ice dragon barely misses you. You block the torpor snail's attack.
You block the hippogriff's attack.
The hippogriff pecks you but does no damage.
The hippogriff barely misses you. The yak misses you.
You closely miss the ice dragon. Your headbutt misses the ice dragon.
The ice dragon is severely wounded.
The wraith barely misses you. The ice dragon barely misses you.
You block the ice dragon's attack. The ice dragon closely misses you.
The white imp gestures at you. The puff of frost hits you!
The hippogriff barely misses you. x2
You block the hippogriff's attack. You block the yak's attack.
You slash the ice dragon! You burn the ice dragon.
Your headbutt misses the ice dragon.
The ice dragon is severely wounded.
You feel like a meek peon again. You block the torpor snail's attack.
You block the wraith's attack. The ice dragon breathes frost at you.
The blast of cold hits you!
You die...

#........⌠..##.?
##..........≈≈#≈$
#..........≈≈≈≈# #≈.
##..#.......≈≈≈≈######≈≈.
#..........≈≈≈≈≈≈≈≈≈≈≈≈.#
##.........≈≈≈≈≈≈..≈≈≈≈..
.#.......#..≈≈≈≈..#..≈≈...
..........#...≈HY5.#....#
#........#.#..YD@W...#####
#........#.....w..........
#.........#...............
..........................
..#.......#..............#
# ##....######..#.##..P.##
#..### ###### ###.# ##P#
## ###


You could see an ice dragon, a torpor snail, 2 yaks, a hippogriff, a wraith and
a white imp.

Vanquished Creatures
  Josephine (Lair:6)
  Erolcha (D:9)
  3 hydras
  5 death yaks (Lair:5)
  3 black mambas
  8 spiny frogs
  3 torpor snails
  7 komodo dragons
  A rime drake (Lair:5)
  A troll (D:9)
  A queen bee (Lair:4)
  3 polar bears (Lair:5)
  A two-headed ogre (D:5)
  Prince Ribbit (D:8)
  2 boulder beetles (Lair:4)
  2 giant leeches (Lair:5)
  4 blink frogs (Lair:5)
  Sigmund (D:3)
  26 yaks
  A spriggan (D:9)
  2 wyverns
  4 hippogriffs
  4 basilisks
  12 porcupines
  9 water moccasins
  5 orc warriors
  2 black bears
  An ice beast (D:10)
  3 sky beasts
  6 ogres
  An eye of draining (D:10)
  2 phantoms
  A necrophage (D:6)
  14 wolves
  5 centaurs
  13 crocodiles
  15 giant frogs
  A water moccasin zombie (D:7)
  4 scorpions
  A water moccasin skeleton (D:7)
  28 killer bees
  11 wights
  A howler monkey (D:4)
  6 crimson imps
  2 quasits
  A centaur zombie (Ossuary)
  A centaur skeleton (D:9)
  4 hounds
  4 jellies
  10 orc priests
  2 giant frog skeletons
  8 orc wizards
  Ijyb (D:3)
  Jessica (D:2)
  7 iguanas
  Natasha (thrice) (D:3)
  9 worker ants
  6 sheep (Lair:5)
  3 big kobold zombies (Ossuary)
  A hound skeleton (D:6)
  5 mummies (Ossuary)
  A gnoll (D:1)
  A howler monkey skeleton (D:7)
  9 adders
  43 river rats
  3 shadow imps
  An ooze (D:1)
  An adder zombie (D:5)
  3 worms
  An adder skeleton (D:4)
  A dart slug (D:2)
  8 giant geckos
  34 orcs
  9 giant cockroaches
  7 hobgoblins
  8 jackals
  2 quokkas
  17 bats
  6 giant newts
  12 goblins
  4 hobgoblin zombies (Ossuary)
  11 kobolds
  A quokka skeleton (D:4)
  18 rats
  A butterfly (Lair:3)
496 creatures vanquished.

Vanquished Creatures (others)
  22 fungi
  3 plants
25 creatures vanquished.

Grand Total: 521 creatures vanquished

Notes
Turn   | Place    | Note
--------------------------------------------------------------
     0 | D:1      | Peloso the Minotaur Fighter began the quest for the Orb.
     0 | D:1      | Reached XP level 1. HP: 19/19 MP: 0/0
    96 | D:1      | Reached skill level 4 in Shields
    96 | D:1      | Reached XP level 2. HP: 11/27 MP: 1/1
   934 | D:2      | Reached XP level 3. HP: 33/33 MP: 2/2
  1291 | D:2      | Reached XP level 4. HP: 38/40 MP: 3/3
  1339 | D:2      | Noticed Jessica
  1343 | D:2      | Killed Jessica
  1343 | D:2      | Reached skill level 1 in Dodging
  1468 | D:2      | Found a glowing golden altar of the Shining One.
  1686 | D:3      | Noticed Sigmund
  1696 | D:3      | Noticed Ijyb
  1812 | D:3      | Killed Sigmund
  1812 | D:3      | Reached skill level 5 in Armour
  1812 | D:3      | Reached skill level 5 in Shields
  1812 | D:3      | Reached XP level 5. HP: 41/47 MP: 4/4
  1815 | D:3      | Reached XP level 6. HP: 47/53 MP: 5/5
  1821 | D:3      | Killed Ijyb
  2011 | D:3      | Noticed Natasha
  2015 | D:3      | Killed Natasha
  2037 | D:3      | Found an ancient bone altar of Kikubaaqudgha.
  2039 | D:3      | Found a blossoming altar of Fedhas.
  2342 | D:3      | Noticed Natasha
  2354 | D:3      | Killed Natasha
  2393 | D:3      | Noticed Natasha
  2403 | D:3      | Killed Natasha
  2403 | D:3      | Reached skill level 6 in Shields
  3110 | D:4      | Found a deep blue altar of Sif Muna.
  3223 | D:4      | Reached XP level 7. HP: 57/60 MP: 6/6
  3232 | D:4      | Reached skill level 5 in Fighting
  3412 | D:4      | Reached skill level 5 in Long Blades
  3557 | D:4      | Found a radiant altar of Vehumet.
  3802 | D:5      | Entered Level 5 of the Dungeon
  3889 | D:5      | Found a glowing drain.
  3987 | Sewer    | Entered a sewer
  4039 | Sewer    | Reached skill level 7 in Shields
  4275 | D:5      | Reached XP level 8. HP: 55/68 MP: 7/7
  4354 | D:5      | Noticed a two-headed ogre
  4359 | D:5      | Killed a two-headed ogre
  4625 | D:5      | Found a glowing golden altar of the Shining One.
  4749 | D:5      | Found an oddly glowing altar of Pakellas.
  4996 | D:6      | Reached skill level 8 in Shields
  5101 | D:6      | Found a sand-covered staircase.
  5111 | Ossuary  | Entered an ossuary
  5734 | D:7      | Found an oddly glowing altar of Pakellas.
  5748 | D:7      | Reached XP level 9. HP: 74/78 MP: 8/8
  5790 | D:7      | Reached skill level 9 in Shields
  6005 | D:7      | Found Zin's Purification Station.
  6010 | D:7      | Found a glowing silver altar of Zin.
  6030 | D:7      | Found a staircase to the Ecumenical Temple.
  6060 | Temple   | Entered the Ecumenical Temple
  6697 | D:7      | You fall through a shaft for 2 floors!
  6700 | D:9      | Found Upeuc's Distillery.
  6701 | D:9      | Found a sparkling altar of Nemelex Xobeh.
  6730 | D:9      | Found Arghalar's Magic Scroll Boutique.
  6743 | D:9      | Bought a scroll of identify for 24 gold pieces
  7013 | D:9      | HP: 2/78 [orc priest/divine providence (10)]
  7307 | D:9      | Noticed Erolcha
  7319 | D:9      | Killed Erolcha
  7319 | D:9      | Reached skill level 10 in Shields
  7694 | D:8      | Reached XP level 10. HP: 11/86 MP: 9/9
  7704 | D:8      | HP: 3/86 [orc warrior/tomahawk (11)]
  7719 | D:8      | HP: 2/86 [orc warrior/dire flail of holy wrath (10)]
  7959 | D:8      | Reached skill level 1 in Evocations
  8329 | D:8      | Reached skill level 11 in Shields
  8344 | D:8      | Found an iron altar of Okawaru.
  8347 | D:8      | Became a worshipper of Warmaster Okawaru
  8357 | D:8      | Noticed Prince Ribbit
  8755 | D:8      | Killed Prince Ribbit
  9070 | D:9      | Reached * piety under Okawaru
  9109 | D:9      | Found Ijigup's Food Emporium.
  9135 | D:9      | Got a bloodstained halberd {freeze}
  9382 | D:9      | Found a staircase to the Lair.
  9430 | D:9      | Found a staircase to the Orcish Mines.
 10095 | D:9      | Found a glowing golden altar of the Shining One.
 10095 | D:9      | Found a shadowy altar of Dithmenos.
 10116 | D:9      | Reached ** piety under Okawaru
 10258 | D:10     | Entered Level 10 of the Dungeon
 10283 | D:10     | Reached skill level 12 in Shields
 10549 | D:10     | Found a shimmering altar of Xom.
 10730 | Lair:1   | Entered Level 1 of the Lair of Beasts
 10730 | Lair:1   | Noticed a spiny frog
 10737 | D:9      | Killed a spiny frog
 10737 | D:9      | Reached skill level 10 in Armour
 10737 | D:9      | Reached skill level 1 in Stealth
 10737 | D:9      | Reached XP level 11. HP: 66/95 MP: 10/10
 10747 | D:9      | Reached *** piety under Okawaru
 11124 | Lair:1   | Reached skill level 10 in Long Blades
 11526 | Lair:1   | Reached **** piety under Okawaru
 11768 | Lair:1   | Reached skill level 13 in Shields
 11769 | Lair:1   | Found a snail-covered altar of Cheibriados.
 11814 | Lair:1   | Received a gift from Okawaru
 11965 | Lair:1   | Noticed a six-headed hydra
 11979 | Lair:1   | Killed a one-headed hydra
 11979 | Lair:1   | Received a gift from Okawaru
 12192 | Lair:1   | Reached skill level 5 in Dodging
 12635 | Lair:2   | Reached ***** piety under Okawaru
 13616 | Lair:2   | Reached XP level 12. HP: 105/105 MP: 11/11
 13720 | Lair:3   | Reached skill level 14 in Shields
 13748 | Lair:3   | Received a gift from Okawaru
 13848 | Lair:3   | Received a gift from Okawaru
 14352 | Lair:3   | Noticed a seven-headed hydra
 14360 | Lair:3   | Killed a three-headed hydra
 14360 | Lair:3   | Reached skill level 10 in Fighting
 15042 | Lair:4   | Reached ****** piety under Okawaru
 15325 | Lair:4   | Received a gift from Okawaru
 15373 | Lair:4   | Reached skill level 15 in Shields
 16564 | Lair:5   | Reached XP level 13. HP: 101/115 MP: 12/12
 16621 | Lair:5   | Found a staircase to the Swamp.
 17410 | Lair:5   | Learned a level 8 spell: Necromutation
 17429 | Lair:5   | Identified the +7 halberd of the Genius {freeze, Dex+9} (You took it off an orc on level 9 of the Dungeon)
 17502 | Lair:6   | Received a gift from Okawaru
 17567 | Lair:6   | Noticed Josephine
 17590 | Lair:6   | Killed Josephine
 17630 | Lair:6   | HP: 5/116 [ice dragon/blast of cold (29)]
 17642 | Lair:6   | Killed from afar by an ice dragon

Skill      XL: |  1  2  3  4  5  6  7  8  9 10 11 12 13 |
---------------+----------------------------------------+-----
Armour         | 4 5 6 7 8 10 11 12 | 12.4
Shields        | 4 5 6 7 8 10 12 13 15 | 15.7
Fighting       | 4 5 6 7 8 9 10 11 | 11.5
Dodging        | 2 3 4 5 |  5.9
Long Blades    | 3 4 5 6 8 9 11 12 13 | 13.2
Evocations     | 1 |  1.1
Stealth        | 1 |  1.4
Invocations    | |  0.2

Action                   |  1- 3 |  4- 6 |  7- 9 | 10-12 | 13-15 || total
-------------------------+-------+-------+-------+-------+-------++-------
Melee: Long sword        |    80 |   171 |   426 |       |       ||   677
       Headbutt          |    10 |    28 |   109 |   294 |    48 ||   489
       Falchion          |       |       |    56 |  1028 |   162 ||  1246
       Scimitar          |       |       |       |    24 |       ||    24
Invok: Heroism           |       |       |       |     3 |     3 ||     6
Evoke: Wand              |       |       |     6 |     2 |     5 ||    13
  Use: Scroll            |       |       |    18 |    15 |     1 ||    34
       Potion            |       |       |     1 |     2 |       ||     3
 Stab: Sleeping          |       |       |     1 |       |       ||     1
  Eat: Chunk             |     1 |     5 |    15 |    25 |     5 ||    51
       Pizza             |       |     1 |       |       |       ||     1
       Fruit             |       |       |       |     2 |       ||     2
       Beef jerky        |       |       |       |     1 |       ||     1
Armor: Scale mail        |    15 |       |       |       |       ||    15
       Chain mail        |    53 |    14 |       |       |       ||    67
       Plate armour      |       |    96 |   184 |   435 |   128 ||   843
       Robe              |       |       |     4 |       |       ||     4
Dodge: Dodged            |    28 |    36 |   111 |   304 |    98 ||   577
Block: Shield            |    59 |   109 |   274 |   619 |       ||  1061
       Buckler           |       |       |       |    56 |    90 ||   146
